 Dungeon Crawl Stone Soup version 0.31.0-11-ge490571c62 (webtiles) character file.

Game seed: 12823883564750627172

95 qw the Shooter (level 4, -6/25 HPs)
             Began as a Deep Elf Hunter on Feb 3, 2024.
             Killed by nerve-wracking pain
             ... invoked by an orc priest
              (13 damage)
             ... on level 3 of the Dungeon.
             The game lasted 00:00:30 (1715 turns).

qw the Shooter (Deep Elf Hunter)                    Turns: 1715, Time: 00:00:30

Health: -6/25      AC:  5    Str: 10    XL:     4   Next: 39%
Magic:  6/6        EV: 11    Int: 14    God:
Gold:   95         SH:  0    Dex: 18    Spells: 3/3 levels left

rFire   . . .        a - +0 shortbow (flame)
rCold   . . .        (shield currently unavailable)
rNeg    . . .        j - +0 ring mail
rPois   .            (no helmet)
rElec   .            (no cloak)
rCorr   .            (no gloves)
SInv    .            (no boots)
Will    .....        (no amulet)
Stlth   +            (no ring)
HPRegen 0.24/turn    (no ring)
MPRegen 0.10/turn

%: no passive effects
@: no status effects
A: no striking features
a: no special abilities


You were on level 3 of the Dungeon.
You visited 1 branch of the dungeon, and saw 3 of its levels.

You collected 95 gold pieces.


   Skills:
 - Level 1.5 Fighting
 + Level 7.8 Ranged Weapons
 - Level 2.4 Dodging
 - Level 1.2 Stealth


You had 3 spell levels left.
You didn't know any spells.
Your spell library was empty.

Inventory:

Hand Weapons
 a - a +0 shortbow of flaming (weapon)
Armour
 j - a +0 ring mail (worn)
Scrolls
 b - 3 scrolls of fog {unknown}
Potions
 i - a potion of haste

Dungeon Overview and Level Annotations

Branches:
Dungeon (3/15)

Altars:

Annotations:
D:2 1 runed translucent door, Crazy Yiuf


Message History

You shoot an arrow.
The arrow hits the orc priest but does no damage.
An orc comes into view. It is wielding a +0 war axe.
You shoot an arrow. The arrow hits the orc priest.
The arrow burns the orc priest.
The orc priest is lightly wounded.
You shoot an arrow. The arrow hits the orc priest.
The arrow burns the orc priest.
The orc priest is severely wounded.
You shoot an arrow. The arrow barely misses the orc priest.
The arrow hits the orc.
The arrow burns the orc.
The orc is severely wounded.
The orc wizard casts a spell.
The orc wizard flickers and vanishes!
Deactivating autopickup; reactivate with Ctrl-A.
An orc comes into view. It is wielding a +0 short sword.
The orc priest hits you with a +0 dagger.
You shoot an arrow.
The arrow closely misses the orc priest.
The arrow hits the orc.
The arrow burns the orc.
You kill the orc!
The orc priest hits you with a +0 dagger.
You shoot an arrow.
The arrow hits the orc priest but does no damage.
The orc priest is severely wounded.
The orc priest hits you with a +0 dagger.
The orc priest mumbles some strange prayers to Beogh against you.
Beogh smites you!
You shoot an arrow.
The arrow hits the orc priest but does no damage.
The orc priest is heavily wounded.
An orc comes into view. It is wielding a +0 heavy morningstar.
The orc priest misses you.
You shoot an arrow.
The arrow hits the orc priest but does no damage.
The orc priest is heavily wounded.
The orc priest invokes the aid of Beogh against you.
Pain shoots through your body!
Ouch! That really hurt!
You die... ... ... .oo

#o# ##.##
#...
#.o######..#
#.@.%.....#
##.########
#.# ###.##
#.# #.8)..
#.. ....#.
### ....!.
#.8..# #.###
#


You could see an orc priest and 3 orcs.

Vanquished Creatures
  4 adders
  A dart slug (D:2)
  6 orcs (D:3)
  2 ball pythons (D:1)
  2 endoplasms (D:1)
  A giant cockroach (D:2)
  6 goblins
  8 hobgoblins
  2 quokkas
  5 bats
  5 frilled lizards
  6 kobolds
  4 rats
52 creatures vanquished.

Notes
Turn   | Place    | Note
-------+----------+-------------------------------------------
     0 | D:1      | qw the Deep Elf Hunter began the quest for the Orb.
     0 | D:1      | Reached XP level 1. HP: 12/12 MP: 3/3
     0 | D:1      | 0 ||| qw: Version: 0.3-a-155-g5e7d8dd
     0 | D:1      | 0 ||| qw: Game counter: 3313
     0 | D:1      | 0 ||| qw: Melee chars always use a shield: true
     0 | D:1      | 0 ||| qw: God list: Okawaru
     0 | D:1      | 0 ||| qw: Allow faded altars: false
     0 | D:1      | 0 ||| qw: Do Orc after clearing Dungeon:15 true
     0 | D:1      | 0 ||| qw: Do second Lair branch before Depths: true
     0 | D:1      | 0 ||| qw: Lair rune preference: random
     0 | D:1      | 0 ||| qw: Goals: Normal
     0 | D:1      | 0 ||| PLANNING D:1-11
   138 | D:1      | Reached XP level 2. HP: 16/16 MP: 4/4
   148 | D:1      | Reached skill level 6 in Ranged Weapons
   434 | D:1      | 434 ||| UPGRADING to +0 ring mail.
   444 | D:1      | 444 ||| DROPPING +0 leather armour.
   445 | D:1      | 445 ||| READING scroll labelled NAAMIMUUQI.
   446 | D:1      | 446 ||| READING scroll labelled VESOTE NUPPOU.
   547 | D:1      | 547 ||| READING scroll labelled IGOV RUDA OBU.
   548 | D:1      | 548 ||| READING scroll labelled GACUFU TAQIFAD.
   548 | D:1      | 548 ||| BRANDING +0 shortbow.
   549 | D:1      | 549 ||| DROPPING scroll of butterflies.
   657 | D:2      | Reached XP level 3. HP: 20/20 MP: 5/5
   738 | D:2      | Found a runed translucent door.
   739 | D:2      | Noticed Crazy Yiuf
   857 | D:2      | Found a faded altar of an unknown god.
   881 | D:2      | Reached skill level 7 in Ranged Weapons
  1370 | D:2      | 1370 ||| READING 2 scrolls labelled HAWEPH KO DIS.
  1370 | D:2      | 1370 ||| IDENTIFYING sedimented coppery potion
  1371 | D:2      | 1371 ||| READING scroll of identify.
  1371 | D:2      | 1371 ||| IDENTIFYING viscous dark potion
  1372 | D:2      | 1372 ||| READING scroll labelled YROVENG YNUJ.
  1410 | D:2      | 1410 ||| READING scroll labelled VAPATO YLEYTYAH.
  1447 | D:2      | 1447 ||| READING scroll labelled XOITULEILL.
  1548 | D:2      | 1548 ||| DROPPING potion of berserk rage.
  1595 | D:3      | Reached XP level 4. HP: 23/25 MP: 6/6
  1715 | D:3      | Killed from afar by an orc priest

Levels and vault maps discovered:
D:1:      scummos_arrival_forest, layout_rooms, minmay_cupped
D:2:      layout_basic, shapermc_ecumenical_altar_acropolis,
          uniq_crazy_yiuf_cottage
D:3:      layout_rooms, minitemple

Skill      XL: |  1  2  3 |
---------------+----------+-----
Ranged Weapons | 6 7 |  7.8
Fighting       | |  1.5
Dodging        | |  2.4
Stealth        | |  1.2

Action                     |  1- 3 |  4- 6 || total
---------------------------+-------+-------++-------
   Fire: Shortbow          |    94 |    41 ||   135
    Use: Scroll            |     9 |       ||     9
 Armour: Leather armour    |     8 |       ||     8
         Ring mail         |     8 |    12 ||    20
  Dodge: Dodged            |    10 |    15 ||    25

Table legend:
 A = Non-vault XP
 B = Vault XP
 C = Vault XP percentage of total XP
 D = Non-vault monster count
 E = Vault monster count
 F = Vault count percentage of total count
                 A         B        C        D         E       F
            +---------+---------+-------+---------+---------+-------
      Total |     131 |       5 |   3.7 |      49 |       3 |   5.8
            +---------+---------+-------+---------+---------+-------
        D:1 |      28 |       5 |  15.2 |      19 |       3 |  13.6
        D:2 |      53 |       0 |   0.0 |      18 |       0 |   0.0
        D:3 |      50 |       0 |   0.0 |      12 |       0 |   0.0
            +---------+---------+-------+---------+---------+-------
